[Event "*** Titled Tuesday Blitz"]
[Site "Chess.com"]
[Date "2021.02.09"]
[Round "2"]
[White "Darius321"]
[Black "Grieve72"]
[Result "0-1"]
[WhiteElo "2267"]
[BlackElo "2469"]
[TimeControl "180+1"]
[EndTime "10:18:49 PST"]
[Termination "Grieve72 won on time"]

1. e4 c5 2. Nf3 e6 3. c3 Nf6 4. Bd3 Nc6 5. O-O d5 6. e5 Nd7 7. Re1 Qc7 8. Bb5 c4 9. b3 a6 10. Bxc6 Qxc6 11. bxc4 dxc4 12. a4 b6 13. Ba3 Bxa3 14.
Nxa3 Bb7 15. Qe2 Rc8 16. Nc2 O-O 17. Ne3 Qc5 18. Ng4 Rfd8 19. h4 Nf8 20. h5 h6 21.
Nd4 Rd7 22. Rab1 Rcd8 23. Rb2 Rxd4 24. cxd4 Rxd4 25. Reb1 Nd7 26. Kh2 Re4 27. Qf3 Nxe5 28. Nxe5 Qxe5+ 29. Qg3 Qxh5+ 30. Kg1 Rg4 31. Qb8+ Kh7 32.
Qxb7 Rh4 33. f3 Rh1+ 34. Kf2 Qh4+ 35. Ke2 Rh2 36. Qe4+ Qxe4+ 37. fxe4 Rxg2+ 38. Ke3 h5 39. Rxb6 h4 40. Rh1 g5 41. Rc6 Kg6 42. Rxc4 Kh5 43. e5 Rg3+ 44. Kf2 Ra3 45. Ke2 h3 0-1

[Event "*** Titled Tuesday Blitz"]
[Site "Chess.com"]
[Date "2021.02.09"]
[Round "2"]
[White "ChessWarrior3"]
[Black "Eternauta2400"]
[Result "1/2-1/2"]
[WhiteElo "2116"]
[BlackElo "2388"]
[TimeControl "180+1"]
[EndTime "10:18:49 PST"]
[Termination "Game drawn by stalemate"]

1. e4 c5 2. Nf3 Nc6 3. d4 cxd4 4. Nxd4 g6 5. c4 Bg7 6. Be3 Nf6 7. Nc3 O-O 8. Be2 d6 9. f4 Bd7 10. Bf3 Nxd4 11. Bxd4 Bc6 12. O-O Nd7 13. Bxg7 Kxg7 14. Qd4+ f6 15. b4 Qb6 16. Qxb6 Nxb6 17. Nd5 Bxd5 18.
cxd5 Rfc8 19. Rac1 Nc4 20. Bg4 Rc7 21. a4 h5 22. Be6 a6 23. a5 Rb8 24. Rf3 b5 25.
axb6 Rxb6 26. Rb3 Rbb7 27. Rbc3 Rxb4 28. Ra3 Rb1 29. Rxb1 Nxa3 30. Rb8 Nb5 31. h3 Nc3 32. Rg8+ Kh7 33. Ra8 Nxe4 34. Rxa6 g5 35. fxg5 Nxg5 36.
Rc6 Rxc6 37. Bf5+ Kg7 38. dxc6 e6 39. c7 exf5 40. c8=Q d5 41. Qxf5 d4 42. g4 hxg4 43. hxg4 d3 44. Qxd3 Kh6 45. Qf5 Nf7 46. Qxf6+ Kh7 47.
Qxf7+ Kh8 48. g5 1/2-1/2

[Event "*** Titled Tuesday Blitz"]
[Site "Chess.com"]
[Date "2021.02.09"]
[Round "2"]
[White "Kaliopa"]
[Black "JoliyRoger"]
[Result "0-1"]
[WhiteElo "2187"]
[BlackElo "2419"]
[TimeControl "180+1"]
[EndTime "10:18:50 PST"]
[Termination "JoliyRoger won on time"]

1. e4 c6 2. d4 d5 3. e5 Bf5 4. h4 Qb6 5. c4 Bxb1 6. Rxb1 dxc4 7.
Nf3 e6 8. Be2 Ne7 9. O-O Nd5 10.
Qc2 Be7 11. Bxc4 Na6 12. a3 Nac7 13. b4 Nb5 14. Bb2 Qd8 15. h5 O-O 16. Bc1 Nb6 17.
Bd3 h6 18. Rd1 Nd5 19. Rb3 a5 20. a4 Nbc7 21. b5 Nb4 22. Bh7+ Kh8 23. Qb1 cxb5 24. axb5 Nxb5 25. Be4 Rc8 26. Bd2 b6 27. Be1 Qc7 28. d5 exd5 29. Bxd5 Nxd5 30. Rxb5 Nc3 31. Bxc3 Qxc3 32.
Rxb6 Bb4 33. Rb7 Qc4 34. Qf5 Rb8 35. Rxb8 Rxb8 36. Rd7 Rf8 37. Nh4 Kg8 38. g4 Qe6 39. g5 hxg5 40. Qxg5 Qxd7 41. h6 g6 42. f4 Qd1+ 43.
Kg2 Qe2+ 44. Kg3 Be1+ 45. Kh3 Bxh4 0-1

[Event "*** Titled Tuesday Blitz"]
[Site "Chess.com"]
[Date "2021.02.09"]
[Round "2"]
[White "volunteers1998"]
[Black "Loy_Konstantin"]
[Result "0-1"]
[WhiteElo "2039"]
[BlackElo "2377"]
[TimeControl "180+1"]
[EndTime "10:18:50 PST"]
[Termination "Loy_Konstantin won on time"]

1. e4 c5 2. Nf3 d6 3. d4 cxd4 4. Nxd4 Nf6 5. Nc3 g6 6. Be3 Bg7 7. f3 O-O 8. Qd2 Nc6 9. g4 Bd7 10. h4 Rc8 11. h5 Ne5 12. O-O-O Qa5 13. Kb1 Nxf3 14. Nxf3 Rxc3 15. Qxc3 Qxc3 16. bxc3 Bxg4 17. Be2 Nxe4 18. Bd2 Nf2 19. Rhg1 Nxd1 20. Rxg4 Nxc3+ 21. Bxc3 Bxc3 22. Ra4 a6 23. Rc4 Ba5 24. Ra4 Bd8 25.
Rb4 b5 26. a4 bxa4 27. Rxa4 a5 28. Nd4 Bb6 29. Nc6 e6 30. h6 Be3 31. Rxa5 Bxh6 32. Ra7 Bf4 33. c4 h5 34. Kc2 h4 35.
Bg4 Re8 36. Kd3 Kg7 37. Ke4 Bg3 38. Kf3 Kf6 39. Kg2 Rc8 40. Bf3 g5 41. Kh3 Rg8 42. Bg4 Rc8 43. Bf3 Rh8 44. Bg4 Kg6 45. Kg2 f5 46. Bd1 g4 47. Bc2 Bf4 48. Ne7+ Kf6 49. Nc6 h3+ 50. Kh1 g3 0-1

[Event "*** Titled Tuesday Blitz"]
[Site "Chess.com"]
[Date "2021.02.09"]
[Round "2"]
[White "VMikhalevski"]
[Black "ShahMatKanal"]
[Result "1-0"]
[WhiteElo "2694"]
[BlackElo "2469"]
[TimeControl "180+1"]
[EndTime "10:18:51 PST"]
[Termination "VMikhalevski won on time"]

1. Nf3 d5 2. g3 Nf6 3. Bg2 Bf5 4. O-O e6 5. c4 c6 6. d3 h6 7.
Qb3 Qb6 8. Be3 Qxb3 9. axb3 a6 10. Nc3 Nbd7 11. Nh4 Bh7 12. f4 Be7 13. f5 Ng4 14. fxe6 fxe6 15. Bd4 Bc5 16. Bxc5 Nxc5 17. b4 Nd7 18. b5 Ke7 19. bxc6 bxc6 20. Ra4 Ne3 21. Rfa1 Nxg2 22. Nxg2 Rhb8 23. Rxa6 Rxa6 24. Rxa6 Rxb2 25. Rxc6 d4 26. Nb5 Rxe2 27. Nxd4 Re5 28. Nf4 g5 29. Nfxe6 Bxd3 30. c5 Re1+ 31. Kf2 Rh1 32. Ke3 Bf1 33. Nf5+ Kf6 34. Ned4+ Kf7 35. Rc7 Ke8 36. c6 Nf6 37.
Re7+ Kf8 38. Ne6+ Kg8 39. Rg7+ Kh8 40. Nxh6 Ng4+ 41. Nxg4 Bg2 42. Ne5 Re1+ 43. Kd4 Re4+ 44. Kd5 Re3+ 45. Kd6 1-0

[Event "*** Titled Tuesday Blitz"]
[Site "Chess.com"]
[Date "2021.02.09"]
[Round "2"]
[White "HrvojeZagreb"]
[Black "profofchess"]
[Result "1/2-1/2"]
[WhiteElo "2212"]
[BlackElo "2423"]
[TimeControl "180+1"]
[EndTime "10:18:53 PST"]
[Termination "Game drawn by repetition"]

1. d4 Nf6 2. Bf4 c5 3. e3 Nd5 4. Bg3 Qb6 5. b3 cxd4 6. exd4 g6 7. Nf3 Bg7 8. c4 Nf6 9. Nc3 O-O 10. Be2 d5 11. c5 Qa5 12. Qd2 Bh6 13. Qb2 Nc6 14.
a3 Bg4 15. b4 Qd8 16. b5 Bxf3 17. bxc6 Bxe2 18. cxb7 Bc4 19. bxa8=Q Qxa8 20. f3 Be3 21. Bf2 Rb8 22. Qc2 Bf4 23. g3 Bc7 24. Be3 a5 25. Kf2 Qa6 26. Rhb1 Rxb1 27. Qxb1 Qe6 28. Qb7 Qh3 29.
Kg1 Bxg3 30. Qb2 Bc7 31. Qg2 Qf5 32. Rd1 Nh5 33. Qg4 Qc2 34. Bh6 f5 35. Qg2 Qxc3 36. Qf2 Qb3 37. Re1 Kf7 38. Bg5 Qc3 39. Rxe7+ Kf8 40. Rxc7 Qa1+ 41. Kg2 f4 42. Rd7 Qb1 43.
Rd8+ Kf7 44. Rd7+ Kf8 45. Rd8+ Kf7 46. Rd7+ Kf8 1/2-1/2

[Event "*** Titled Tuesday Blitz"]
[Site "Chess.com"]
[Date "2021.02.09"]
[Round "2"]
[White "MITerryble"]
[Black "PlotnikovPavel"]
[Result "1-0"]
[WhiteElo "2954"]
[BlackElo "2566"]
[TimeControl "180+1"]
[EndTime "10:18:54 PST"]
[Termination "MITerryble won by resignation"]

1. d4 e6 2. Nf3 f5 3. h3 Nf6 4. g4 b6 5. Rg1 Bb7 6. c4 Ne4 7. Nbd2 Nc6 8. a3 g6 9. Nxe4 fxe4 10. Ng5 Bg7 11. Be3 d5 12. Nxe6 Qd7 13. cxd5 Nd8 14. Nxg7+ Qxg7 15. Qa4+ Qd7 16. Qxd7+ Kxd7 17. Rc1 Bxd5 18.
Bf4 c6 19. h4 Ne6 20. Be5 Rhf8 21. e3 g5 22. Rh1 Rf7 23. Rc2 Raf8 24. b4 b5 25. Bg2 a5 26. bxa5 Ra8 27. Rc3 Rxa5 28. hxg5 Nxg5 29. Rh5 Nf3+ 30. Bxf3 exf3 31. Kd2 Be4 32.
Bf4 b4 33. Rxa5 bxc3+ 34. Kxc3 Rf8 35. g5 Ke6 36. Re5+ Kd7 37. Rxe4 Ra8 38. Kb4 Ra7 39. a4 Rb7+ 40. Ka3 Rb1 41. Re5 Ra1+ 42. Kb3 Rb1+ 43. Kc2 Rf1 44. Bg3 Re1 45. a5 Ra1 46. Kc3 Ra4 47.
Kd3 Ra2 48. Ke4 Ra4 49. Kxf3 Ra2 50. Kg4 Ra4 51. Rf5 Ke6 52. Rf6+ Kd5 53. Rd6+ Ke4 54.
Rxc6 Rxa5 55. Rc7 h5+ 56. gxh6 Ra6 57. Re7+ Kd3 58. h7 Rg6+ 59. Kf5 Rh6 60. Be5 Rh5+ 61. Kg6 Rxe5 62. Rxe5 1-0

[Event "*** Titled Tuesday Blitz"]
[Site "Chess.com"]
[Date "2021.02.09"]
[Round "2"]
[White "JoachimMouhamad"]
[Black "markowskitomasz"]
[Result "1-0"]
[WhiteElo "2381"]
[BlackElo "2627"]
[TimeControl "180+1"]
[EndTime "10:18:54 PST"]
[Termination "JoachimMouhamad won by checkmate"]

1. e4 c5 2. Nf3 Nc6 3. d4 cxd4 4. Nxd4 e5 5. Nb5 d6 6. N1c3 a6 7. Na3 Be6 8. Nc4 Rb8 9. Ne3 Nf6 10. Bd3 Nb4 11. O-O d5 12. Ncxd5 Nbxd5 13. exd5 Nxd5 14. c4 Nf4 15. Be4 Qxd1 16. Rxd1 Bc5 17. Nd5 Ne2+ 18. Kf1 Nxc1 19. Nc7+ Ke7 20. Nxe6 Kxe6 21. Raxc1 b6 22.
a3 a5 23. g4 g6 24. Rd3 f5 25. gxf5+ gxf5 26. Bd5+ Kf6 27. Rh3 h5 28. Ke2 Bd4 29. Rb3 Bc5 30. Rg1 Rh6 31. Rbg3 b5 32. Rg7 e4 33. b3 bxc4 34. Bxc4 Bxa3 35. f4 exf3+ 36. Kxf3 Bc5 37. Rf7+ Ke5 38. Rd1 Rd6 39. Re7+ Kf6 40. Rxd6+ Bxd6 41. Re6+ Kg5 42. Rxd6 Re8 43. Rd5 a4 44.
bxa4 Rc8 45. Bd3 Rc3 46. Rxf5+ Kh4 47. Rd5 Ra3 48. a5 Kh3 49. Rxh5# 1-0

[Event "*** Titled Tuesday Blitz"]
[Site "Chess.com"]
[Date "2021.02.09"]
[Round "2"]
[White "Lagmantr"]
[Black "Artem_Koval"]
[Result "1-0"]
[WhiteElo "2737"]
[BlackElo "2335"]
[TimeControl "180+1"]
[EndTime "10:18:54 PST"]
[Termination "Lagmantr won on time"]

1. d4 Nf6 2. c4 e5 3. e3 exd4 4. exd4 Bb4+ 5. Bd2 Bxd2+ 6. Nxd2 d5 7. Ngf3 O-O 8. Be2 Re8 9. O-O Bg4 10. h3 Bh5 11. Rc1 Nc6 12. c5 Ne4 13. Re1 Qf6 14. Nxe4 Rxe4 15. Qb3 Rae8 16. Bd3 Bxf3 17. Bxe4 Bxe4 18. f3 Nxd4 19. Qxd5 Nxf3+ 20. gxf3 Qxf3 21. Rxe4 Qxe4 22. Qxe4 Rxe4 23. Rd1 g6 24. Rd7 Rb4 25. b3 b6 26.
Rxc7 bxc5 27. Rxc5 Kg7 28. Ra5 Rb7 29. Kf2 h5 30. h4 f6 31. Kg3 Kh6 32. Kf4 g5+ 33.
Kg3 g4 34. Kf4 Kg6 35. Ra6 Rb4+ 36. Kg3 Rb7 37. Kf4 Rb4+ 38. Kg3 Rb7 39. Ra5 Kf7 40.
Rxh5 Kg6 41. Ra5 Kf7 42. Kxg4 Rb4+ 43. Kg3 Kg6 44. Rxa7 Rd4 45. Ra4 Rd2 46. Rg4+ Kf7 47.
Ra4 Kg6 48. Ra8 Rd5 49. b4 1-0

[Event "*** Titled Tuesday Blitz"]
[Site "Chess.com"]
[Date "2021.02.09"]
[Round "2"]
[White "OhanyanEminChess"]
[Black "NikolasTheiss"]
[Result "1-0"]
[WhiteElo "2622"]
[BlackElo "2320"]
[TimeControl "180+1"]
[EndTime "10:18:54 PST"]
[Termination "OhanyanEminChess won by checkmate"]

1. e4 g5 2. d4 Bg7 3. Bxg5 c5 4. Nf3 Qb6 5. Nc3 cxd4 6. Nd5 Qc5 7. b4 Qd6 8. Bc4 Nc6 9. O-O Nxb4 10. Bf4 e5 11. Nxd4 Nxd5 12. Nf5 Qf6 13. Nxg7+ Qxg7 14. exd5 exf4 15. Re1+ Kf8 16. d6 Qf6 17. Qd5 Rb8 18. Qc5 Nh6 19. Qc7 Ra8 20. Rad1 Nf5 21. Qc5 Kg7 22.
Re5 Nh4 23. Rg5+ Ng6 24. Re1 b6 25. Qb5 Bb7 26. Rf5 Qh4 27. Rxf7+ Kh6 28. Qf5 Qg5 29. Qh3+ Nh4 30. g3 fxg3 31. hxg3 Rhg8 32. Kh2 Bg2 33.
Qxh4+ Qxh4+ 34. gxh4 Bf3 35. Bd3 Rg2+ 36. Kh3 Rg7 37.
Ree7 Rxf7 38. Rxf7 Rh8 39. Rxd7 Kh5 40. Re7 Bg4+ 41. Kg3 h6 42. Re5+ Bf5 43. Bxf5 Rg8+ 44. Kh3 Rg7 45. Be4+ Rg5 46. f4 Rxe5 47. fxe5 b5 48.
d7 b4 49. d8=Q b3 50. Qe8# 1-0

[Event "*** Titled Tuesday Blitz"]
[Site "Chess.com"]
[Date "2021.02.09"]
[Round "2"]
[White "ridnani2021"]
[Black "manitodeplomo"]
[Result "0-1"]
[WhiteElo "2356"]
[BlackElo "2625"]
[TimeControl "180+1"]
[EndTime "10:18:55 PST"]
[Termination "manitodeplomo won by resignation"]

1. e4 g6 2. d4 Bg7 3. Nf3 c5 4. Nc3 Qa5 5. Bd2 cxd4 6. Nd5 Qd8 7. Bf4 d6 8. Nxd4 Nc6 9. Be3 e6 10. Nc3 Nf6 11. Be2 O-O 12. O-O a6 13. a4 Qc7 14. h3 Ne5 15. Rb1 Nc4 16. Bxc4 Qxc4 17. Qd3 Qc7 18. Rfd1 Bd7 19. Nb3 Bc6 20. Nd4 Rfd8 21.
Nxc6 bxc6 22. Qe2 d5 23. exd5 cxd5 24. Bd4 Rdc8 25. Be5 Qc4 26. b3 Qxe2 27. Nxe2 Rxc2 28. Nd4 Rcc8 29. Rdc1 Ne4 30. Nc6 Rxc6 31. Rxc6 Bxe5 32.
b4 Bd4 33. b5 axb5 34. axb5 Bxf2+ 35. Kh2 Bg3+ 36. Kg1 d4 37. b6 Kg7 38. b7 Rd8 39. Rc8 Rd5 40. b8=Q Bxb8 41. Rcxb8 d3 42. Rd1 Nc3 43. Rd2 Ne4 44. Rd1 d2 45. Rb2 f5 46.
g3 Rd3 47. Kh2 h5 48. Rc2 Kf6 49. Rb2 g5 50. Rc2 g4 51. hxg4 hxg4 52. Rb2 Rxg3 53. Rbxd2 Rh3+ 54. Kg2 Nxd2 55. Rxd2 Re3 56. Rf2 Re4 57.
Ra2 Kg5 58. Rb2 Kf4 59. Ra2 Rd4 60. Rf2+ Ke3 61. Re2+ Kxe2 0-1

[Event "*** Titled Tuesday Blitz"]
[Site "Chess.com"]
[Date "2021.02.09"]
[Round "2"]
[White "leoduarte"]
[Black "Khnykin_Nikolay"]
[Result "1-0"]
[WhiteElo "2383"]
[BlackElo "2064"]
[TimeControl "180+1"]
[EndTime "10:18:55 PST"]
[Termination "leoduarte won by checkmate"]

1. e4 c5 2. Nf3 e6 3. d4 cxd4 4. Nxd4 Nf6 5. Nc3 d6 6. Be2 Be7 7. O-O O-O 8. f4 Nc6 9. Be3 a6 10. Qe1 Bd7 11. Qg3 Re8 12. Rae1 e5 13. fxe5 dxe5 14.
Bh6 Bf8 15. Nf5 Bxf5 16. Rxf5 Nd4 17. Rff1 Nxe2+ 18. Rxe2 Qb6+ 19. Be3 Qxb2 20. Bc1 Qb6+ 21. Kh1 Rad8 22. Ref2 Kh8 23. Bg5 Be7 24. Bxf6 Bxf6 25. Nd5 Qe6 26. c4 Rg8 27. h3 Rd7 28. Qb3 Bd8 29.
a4 Ba5 30. Rc2 Bd8 31. c5 Qc6 32. Qf3 Qe6 33. Qb3 Qc6 34. Qe3 Qe6 35. Qe2 Qc6 36.
Qc4 Qe6 37. Rcf2 f6 38. Rf5 Qc6 39. Qc2 Qe6 40. Qe2 Qc6 41. Rc1 Qe6 42. Rh5 Qc6 43.
Rxh7+ Kxh7 44. Qh5# 1-0

[Event "*** Titled Tuesday Blitz"]
[Site "Chess.com"]
[Date "2021.02.09"]
[Round "2"]
[White "ArjunErigaisi2003"]
[Black "Stormeman100100"]
[Result "1-0"]
[WhiteElo "2918"]
[BlackElo "2553"]
[TimeControl "180+1"]
[EndTime "10:18:57 PST"]
[Termination "ArjunErigaisi2003 won by resignation"]

1. f4 Nh6 2. Nf3 d5 3. b3 f6 4. Bb2 c5 5. e3 Nc6 6. Bb5 Nf7 7.
O-O e6 8. c4 Be7 9. Nc3 Nd6 10.
cxd5 exd5 11. Bxc6+ bxc6 12. Ba3 Nb5 13. Nxb5 cxb5 14.
Rc1 b4 15. Bb2 O-O 16. d4 Ba6 17. dxc5 Bxf1 18. Kxf1 Rc8 19. Nd4 Qa5 20. c6 Qxa2 21. Nf5 Bd8 22. Qxd5+ Kh8 23. Bd4 Qd2 24. Qc4 Bb6 25. Qc2 Qxc2 26. Rxc2 Rc7 27. Bxb6 axb6 28.
Nd6 Rd8 29. Nb5 Re7 30. Ke2 Kg8 31. c7 Rc8 32. Kd3 Kf8 33. Rc6 Ke8 34. Nd6+ Kd7 35. Nxc8 Kxc8 36. Rxb6 Kxc7 37. Rxb4 Rd7+ 38. Rd4 Re7 39.
b4 Re8 40. g4 Ra8 41. h4 Ra1 42. g5 f5 43. Rd5 g6 44. Ra5 Rd1+ 45. Ke2 Rh1 46.
Ra7+ Kb6 47. Rxh7 Kb5 48. Rh6 Rh2+ 49. Kf3 Kc4 50. Kg3 Kd3 51. Kxh2 1-0

[Event "*** Titled Tuesday Blitz"]
[Site "Chess.com"]
[Date "2021.02.09"]
[Round "2"]
[White "klimkoj"]
[Black "AniJak"]
[Result "0-1"]
[WhiteElo "2561"]
[BlackElo "2321"]
[TimeControl "180+1"]
[EndTime "10:18:58 PST"]
[Termination "AniJak won on time"]

1. d4 d5 2. Bf4 Nf6 3. e3 e6 4. Nf3 Bd6 5. Bd3 Bxf4 6. exf4 Ne4 7. O-O f5 8. Ne5 O-O 9. c3 Nd7 10. f3 Nxe5 11. fxe5 Ng5 12. Na3 Bd7 13. Nc2 h6 14.
Qd2 Qe8 15. h4 Nh7 16. f4 Qh5 17. g3 g5 18. hxg5 hxg5 19. Qh2 Qxh2+ 20. Kxh2 Kg7 21. Kg2 Rh8 22. Ne3 Rag8 23. Kf2 gxf4 24. gxf4 Nf8 25. Rh1 Ng6 26. Ng2 Be8 27. a4 Kf8 28. a5 a6 29. b4 c6 30. Be2 Bf7 31. Bh5 Ne7 32. Bf3 Ng6 33. Ke3 Ne7 34. Kf2 Ng6 35. Rag1 Be8 36. Rxh8 Rxh8 37. Kg3 Bf7 38. Ne1 Rg8 39. Ng2 Nxe5+ 40. Kf2 Nd3+ 41. Ke3 Nb2 42. Be2 Rg3+ 43.
Kd2 Nc4+ 44. Bxc4 dxc4 45. Ke2 Bh5+ 46. Kf2 Rxc3 47. Ne3 Bf7 48. Ke2 Rd3 0-1

[Event "*** Titled Tuesday Blitz"]
[Site "Chess.com"]
[Date "2021.02.09"]
[Round "2"]
[White "BilodeauA"]
[Black "szachuspl"]
[Result "1-0"]
[WhiteElo "2889"]
[BlackElo "2544"]
[TimeControl "180+1"]
[EndTime "10:18:59 PST"]
[Termination "BilodeauA won by resignation"]

1. d4 Nf6 2. Nc3 d5 3. Bf4 Bf5 4. f3 e6 5. g4 Bg6 6. h4 h5 7. g5 Nfd7 8. e3 Bd6 9. Nh3 O-O 10. Bd3 Bxd3 11. Qxd3 g6 12. O-O-O Nc6 13. Kb1 Ne7 14. e4 Bxf4 15. Nxf4 c6 16. Nce2 Qc7 17. Qe3 Rfe8 18.
Ng3 Nf8 19. Nfxh5 gxh5 20. Nxh5 Nh7 21. Nf6+ Kh8 22. Nxe8 Rxe8 23. h5 Rg8 24. g6 fxg6 25.
hxg6 Nxg6 26. Rh6 Qf4 27. Rdh1 Rg7 28. Qe1 Kg8 29. exd5 Nhf8 30. dxe6 Qf6 31. a3 Nxe6 32. Qa5 a6 33. d5 cxd5 34. Qxd5 Qf7 35. f4 Nef8 36.
Qd4 Qxf4 37. Rh8+ Kf7 38. Qd5+ Kf6 39. R8h2 Qe5 40. Rf2+ Ke7 41. Qxb7+ Ke8 42. Qa8+ Ke7 43. Qxa6 Ne6 44. Re2 Qd6 45. Qa7+ Kf8 46. Rf1+ Kg8 47. Qa8+ Ngf8 48. Qf3 Rg6 49. Qe4 Rg7 50. Rfe1 Ng5 51. Qc4+ Nf7 52. Rf2 Qg6 53. Ref1 Ne6 54. Rf6 Qh5 55.
Qxe6 1-0

[Event "*** Titled Tuesday Blitz"]
[Site "Chess.com"]
[Date "2021.02.09"]
[Round "2"]
[White "Gloomy_Wanderer"]
[Black "Fortitudine"]
[Result "1-0"]
[WhiteElo "2720"]
[BlackElo "2329"]
[TimeControl "180+1"]
[EndTime "10:18:59 PST"]
[Termination "Gloomy_Wanderer won by resignation"]

1. d4 Nf6 2. Nf3 g6 3. c4 c5 4. g3 Bg7 5. Bg2 O-O 6. O-O cxd4 7. Nxd4 d6 8. Nc3 Nc6 9. Nxc6 bxc6 10. Bxc6 Rb8 11. Bg2 Qa5 12. Qd2 Bb7 13. e4 Nd7 14. Rb1 Bxc3 15. bxc3 Ne5 16. Qd4 Qc5 17. Qxc5 dxc5 18.
Bf4 f6 19. Rb5 Ba6 20. Rxc5 Rbc8 21. Rxc8 Rxc8 22. Bxe5 fxe5 23. Rc1 Bxc4 24. Bf1 Bxf1 25. Kxf1 Rc4 26. f3 Kf7 27. Ke2 Ke6 28. Kd3 Ra4 29. Rc2 Kd6 30. Rb2 Kc5 31. h4 a5 32. Rb7 Rxa2 33. Rxe7 Rg2 34. Rxe5+ Kb6 35. Re6+ Kb5 36. c4+ Kc5 37. Re5+ Kb6 38. Rb5+ Ka6 39. e5 Rxg3 40. Ke4 Rg1 41. e6 Re1+ 42. Kd5 a4 43. Rb8 Ka5 44. c5 a3 45. c6 Rd1+ 46. Ke5 a2 47.
Ra8+ Kb6 48. Rxa2 Kxc6 49. e7 Re1+ 50. Kf6 Re3 51. Ra8 Kd7 52. Rd8+ Kc7 53. e8=Q Rxf3+ 54. Kg7 1-0

[Event "*** Titled Tuesday Blitz"]
[Site "Chess.com"]
[Date "2021.02.09"]
[Round "2"]
[White "queen_iryna"]
[Black "QuintilianoR"]
[Result "1-0"]
[WhiteElo "2344"]
[BlackElo "2679"]
[TimeControl "180+1"]
[EndTime "10:18:59 PST"]
[Termination "queen_iryna won on time"]

1. e4 e6 2. d4 d5 3. Nc3 Nf6 4. Bg5 dxe4 5. Nxe4 Be7 6. Bxf6 Bxf6 7. Nf3 O-O 8. c3 Nd7 9. Bd3 Be7 10. Qc2 h6 11. h4 c5 12. Neg5 Nf6 13. Ne5 Qe8 14.
Bh7+ Kh8 15. Ngxf7+ Rxf7 16. Bg6 Kg8 17. Bxf7+ Qxf7 18. Nxf7 Kxf7 19. f3 cxd4 20. cxd4 Bd7 21. h5 Rc8 22. Qg6+ Kf8 23. O-O Be8 24. Qd3 Bxh5 25. Rac1 Rd8 26. Rfe1 Nd5 27. Rxe6 Bf7 28. Re5 Bf6 29.
Rxd5 Bxd5 30. Kh1 Bc6 31. Re1 Rxd4 32. Qa3+ Kg8 33. Kg1 Rd2 34. Qb4 Rxb2 35. Qc4+ Kh7 36. Qd3+ Kh8 37. Qc4 Rd2 38. Re2 Rd1+ 39. Kh2 a6 40.
Qc2 Rd4 41. Kg1 Rd8 42. Kf2 Bh4+ 43. g3 Bf6 44. Kg2 Rd5 45. Qb3 Kh7 46. Qc2+ Kh8 47. Rd2 Rg5 48. Rd6 Rb5 49. Rxc6 b6 50. Rc8+ 1-0

[Event "*** Titled Tuesday Blitz"]
[Site "Chess.com"]
[Date "2021.02.09"]
[Round "2"]
[White "lucachess49"]
[Black "Rodalquilar"]
[Result "0-1"]
[WhiteElo "2326"]
[BlackElo "2671"]
[TimeControl "180+1"]
[EndTime "10:18:59 PST"]
[Termination "Rodalquilar won by resignation"]

1. d4 d5 2. c4 e6 3. Nc3 a6 4. cxd5 exd5 5. Bf4 Nf6 6. e3 c5 7.
Nf3 c4 8. Be2 b5 9. O-O Bb7 10.
h3 Be7 11. Ne5 O-O 12. Qc2 Nbd7 13. Rad1 Re8 14. Bf3 Rc8 15. Rfe1 Nb6 16. a3 Bf8 17. Bg5 Be7 18. Qf5 Rc7 19. Bh5 g6 20. Bxg6 hxg6 21. Nxg6 fxg6 22. Qxg6+ Kh8 23. e4 Rg8 24. Qh6+ Nh7 25.
Bf4 Rc6 26. Be5+ Bf6 27. Qf4 Bxe5 28. Qxe5+ Qf6 29. exd5 Qxe5 30. dxe5 Rcg6 31. g3 Ng5 32. Kg2 Ne6 33. Kh2 Rf8 34. f4 Nxf4 35. gxf4 Rxf4 36.
e6 Rf2+ 37. Kh1 Rf8 38. e7 Re8 39. Kh2 Rd6 40. Ne4 Rxd5 41. Nf6 Rxd1 42. Rxd1 Rxe7 43. Rd8+ Kg7 44. Nh5+ Kg6 45. Nf4+ Kf5 46. Nh5 Re2+ 47. Kg1 Bf3 48. Ng3+ Kf4 49. Nxe2+ Bxe2 50. Rd6 Na4 51. Rxa6 Nxb2 52. Rb6 c3 53. Rc6 Bc4 54. Kf2 c2 55. Rf6+ Ke5 56. Rg6 c1=Q 0-1

[Event "*** Titled Tuesday Blitz"]
[Site "Chess.com"]
[Date "2021.02.09"]
[Round "2"]
[White "Pluusje"]
[Black "manmanlai1"]
[Result "0-1"]
[WhiteElo "2242"]
[BlackElo "2464"]
[TimeControl "180+1"]
[EndTime "10:19:00 PST"]
[Termination "manmanlai1 won by resignation"]

1. e4 e6 2. d4 d5 3. Nd2 Nf6 4. exd5 exd5 5. Bd3 Bg4 6. f3 Bh5 7. Ne2 Bg6 8. Nf4 Bxd3 9. Nxd3 c6 10. O-O Be7 11. Re1 O-O 12. Nf1 h6 13. Ng3 Re8 14. Nf5 Bf8 15. Bd2 Nbd7 16. Rxe8 Qxe8 17. Qe1 Qxe1+ 18.
Rxe1 Kh7 19. Bf4 Ne8 20. Ne3 g6 21. Ng4 Kg7 22. Nge5 Nxe5 23. Bxe5+ f6 24. Bg3 Kf7 25. Kf2 Ng7 26. Bf4 Ne6 27. c3 Nxf4 28. Nxf4 Bd6 29.
Nd3 h5 30. g3 h4 31. f4 hxg3+ 32. hxg3 Rh8 33. Kg2 Rd8 34. b4 b6 35. a4 a6 36.
Kf3 Rh8 37. Kg2 Ra8 38. Rb1 Re8 39. Kf2 g5 40. Rh1 Kg6 41. Kf3 g4+ 42. Kf2 Ra8 43.
Rh4 f5 44. Ne5+ Bxe5 45. dxe5 a5 46. b5 cxb5 47. axb5 a4 48. Ke3 a3 49. Rh1 a2 50.
Ra1 Kf7 51. Kd4 Ke6 52. c4 Ra4 53. Kd3 dxc4+ 54. Kc3 Kd5 55. Rd1+ Kc5 56. Ra1 Kxb5 57. e6 Kc6 58. Rd1 a1=Q+ 0-1

[Event "*** Titled Tuesday Blitz"]
[Site "Chess.com"]
[Date "2021.02.09"]
[Round "2"]
[White "ShapkinAnatoliy"]
[Black "VALPARAISO37"]
[Result "1-0"]
[WhiteElo "2713"]
[BlackElo "2477"]
[TimeControl "180+1"]
[EndTime "10:19:01 PST"]
[Termination "ShapkinAnatoliy won on time"]

1. d4 Nf6 2. c4 e6 3. g3 d5 4. Nf3 dxc4 5. Bg2 Nc6 6. O-O Rb8 7. Nc3 Be7 8. Qa4 O-O 9. Qxc4 Nb4 10. a3 Nbd5 11. Ne5 c6 12. e4 Nb6 13. Qd3 c5 14. Be3 cxd4 15. Qxd4 Nfd7 16. Nf3 Bc5 17. Qd3 Bxe3 18. Qxe3 e5 19. Rfd1 Qf6 20. Rac1 a6 21. Nd5 Nxd5 22. Rxd5 Nb6 23. Rxe5 Bg4 24. Qf4 Bxf3 25.
Bxf3 Rbc8 26. Rxc8 Rxc8 27. Qxf6 gxf6 28. Re7 Rc1+ 29. Kg2 Nc4 30. Rxb7 Ne5 31. Be2 Rc2 32. Bxa6 h5 33. h3 Kg7 34. Bf1 Kg6 35. a4 Kg5 36. a5 Rc1 37. a6 Ra1 38. b4 f5 39.
exf5 Kxf5 40. b5 Ke4 41. b6 Kd5 42. a7 Nc6 43. Rc7 Kd6 44. b7 Rxa7 45. Rxc6+ Kxc6 46.
b8=Q Ra1 47. Qf4 Ra4 48. Qxf7 Rf4 49. Qxf4 h4 50. Be2 Kb6 51. Bf3 Ka5 52. gxh4 Kb6 53. h5 Ka7 54. h6 Ka6 55. h7 Ka7 56. h8=Q 1-0

[Event "*** Titled Tuesday Blitz"]
[Site "Chess.com"]
[Date "2021.02.09"]
[Round "2"]
[White "eljanov"]
[Black "Angel_Hranitel_37"]
[Result "1-0"]
[WhiteElo "2917"]
[BlackElo "2468"]
[TimeControl "180+1"]
[EndTime "10:19:02 PST"]
[Termination "eljanov won by checkmate"]

1. e4 c5 2. Nf3 e6 3. d4 cxd4 4.
Nxd4 Nf6 5. Nc3 Nc6 6. Ndb5 Bc5 7. Bf4 O-O 8. Bc7 Qe7 9. Bd6 Bxd6 10. Qxd6 Qd8 11.
O-O-O a6 12. Nd4 Ne7 13. f3 b5 14. h4 Bb7 15. a3 Ne8 16. Qf4 Rc8 17. g4 Qb6 18. Qd2 d5 19. e5 Nc6 20. f4 b4 21.
Na4 Qa5 22. Nxc6 Bxc6 23. b3 Bxa4 24. axb4 Qb6 25. bxa4 d4 26. Qxd4 Qc6 27. Rh2 Qxa4 28. Kb2 Nc7 29. Ra1 Qc6 30. Qd6 Qf3 31. Qd2 Nd5 32.
Ra3 Qxg4 33. Bxa6 Rb8 34. b5 Rb6 35. c4 Nxf4 36. c5 Rbb8 37. c6 Rfd8 38. c7 Rxd2+ 39.
Rxd2 Rf8 40. Rc3 Nd5 41. Rxd5 exd5 42. c8=Q Qe2+ 43. Ka3 d4 44. Qc4 Qxe5 45. Rd3 Rd8 46. Kb3 g5 47. hxg5 Qe1 48. Qc2 Qa1 49. Rh3 Qa5 50.
Qxh7+ Kf8 51. Qh8+ Ke7 52. Qf6+ Kd7 53. Qxf7+ Kd6 54.
Rh6+ Kc5 55. Qc4# 1-0

[Event "*** Titled Tuesday Blitz"]
[Site "Chess.com"]
[Date "2021.02.09"]
[Round "2"]
[White "poppy73"]
[Black "Azde"]
[Result "1-0"]
[WhiteElo "2229"]
[BlackElo "2408"]
[TimeControl "180+1"]
[EndTime "10:19:02 PST"]
[Termination "poppy73 won by resignation"]

1. e4 c6 2. Nc3 d5 3. Nf3 dxe4 4. Nxe4 Nf6 5. Qe2 Nxe4 6. Qxe4 Qd5 7. Qh4 Bf5 8. Bc4 Qd8 9. Ne5 Bg6 10. Nxg6 fxg6 11. Qf4 Qd6 12. Qf7+ Kd8 13. O-O Qf6 14. d4 Nd7 15.
Re1 a5 16. Qe6 Qxe6 17. Bxe6 Nf6 18. Bf4 h6 19. Rad1 g5 20. Be5 h5 21. d5 Nxd5 22. c4 Rh6 23. cxd5 c5 24. Rc1 b6 25. a4 Ra7 26. h3 Rg6 27. Bf5 Rh6 28. Rcd1 g6 29.
Be6 Rh7 30. d6 exd6 31. Bxd6 Bxd6 32. Rxd6+ Kc7 33. Red1 Ra8 34. Rd7+ Rxd7 35. Rxd7+ Kc6 36. Rg7 Kd6 37. Rxg6 Ke5 38. Bc4 Kf5 39. Rxb6 Rd8 40. b3 Rd1+ 41. Kh2 Rd2 42. f3 h4 43. Rb5 Kf4 44.
Rxc5 Rb2 45. Rxa5 Rc2 46. Rc5 Rb2 47. Rd5 Ra2 48. a5 Ke3 49. b4 Kf2 50. Bxa2 1-0